 Dungeon Crawl Stone Soup version 0.27-a0-1137-g3ef0f4ec91 (webtiles) character file.

Game seed: 4754313696442555775

2441 senseless the Fighter (level 9, -6/81 HPs)
             Began as a Demonspawn Abyssal Knight on May 6, 2021.
             Was a Believer of Lugonu.
             Killed from afar by Dowan (10 damage)
             ... with a shard of ice
             ... on level 3 of the Dungeon.
             The game lasted 00:18:07 (6619 turns).

senseless the Fighter (Demonspawn Abyssal Knight)   Turns: 6619, Time: 00:18:09

Health: -6/81      AC: 11    Str: 12 (15) XL:     9   Next: 25%
Magic:  17/17      EV: 10    Int: 12 (14) God:    Lugonu [**....]
Gold:   244        SH:  4    Dex: 10 (13) Spells: 19/19 levels left

rFire    . . .     SeeInvis .   a - +1 mace
rCold    . . .     Faith    .   b - +0 buckler
rNeg     . . .     Spirit   .   k - +0 scale mail
rPois    .         Reflect  .   (helmet restricted)
rElec    .         Harm     .   l - +0 cloak
rCorr    .         Rampage  .   (no gloves)
Will     .....                  (no boots)
Stlth    +.........             (no amulet)
HPRegen  0.23/turn              (no ring)
MPRegen  0.15/turn              (no ring)

@: no status effects
A: antennae 2, rugged brown scales 3, powered by pain 1
a: Renounce Religion, Depart the Abyss, Bend Space


You were on level 3 of the Dungeon.
You worshipped Lugonu.
Lugonu was pleased with you.
You visited 1 branch of the dungeon, and saw 5 of its levels.
You visited the Abyss 1 time.

You collected 244 gold pieces.

Inventory:

Hand Weapons
 a - a +1 mace (weapon)
 i - a +2 quarterstaff of chaos
Missiles
 j - 35 poisoned darts
Armour
 b - a +0 buckler (worn)
 k - a +0 scale mail (worn)
 l - a +0 cloak (worn)
Jewellery
 n - an amulet of reflection
Scrolls
 e - a scroll of identify
 h - a scroll of teleportation
 o - a scroll of magic mapping
 p - a scroll of fog
Potions
 c - 2 potions of flight
 f - 2 potions of attraction


   Skills:
 + Level 9.0 Fighting
 + Level 6.8 Maces & Flails
 + Level 6.1 Armour
 + Level 6.2 Dodging
 + Level 2.9 Stealth
 + Level 4.2 Shields
 + Level 2.2 Unarmed Combat
 + Level 5.8 Spellcasting
 + Level 8.5 Invocations
 + Level 2.6 Evocations


You had 19 spell levels left.
You didn't know any spells.
Your spell library contained the following spells:

 Spells                   Type           Power      Damage    Failure   Level
 Animate Skeleton         Necr           6%         N/A       63%         1
 Pain                     Necr           12%        1d4       63%         1
 Passwall                 Tmut/Erth      2%         N/A       77%         2
 Vampiric Draining        Necr           1%         2d6       94%         3
 Animate Dead             Necr           1%         N/A       100%        4
 Leda's Liquefaction      Hex/Erth       1%         N/A       100%        4
 Agony                    Necr           3%         N/A       100%        5
 Lee's Rapid Deconstruct  Erth           1%         3d5*      100%        5


Dungeon Overview and Level Annotations

Branches:
Dungeon (5/15)             Temple (0/1) D:4

Altars:
Fedhas

Shops:
D:4 (

Annotations:
D:3 Dowan


Innate Abilities, Weirdness & Mutations

You have a pair of antennae on your head.
You are completely covered in rugged brown scales. (AC +3, +7% HP)
You sometimes gain a little power by taking damage.


Message History

Dowan hits you with a +2 dagger of speed.
* * * LOW HITPOINT WARNING * * *
You miss Dowan.
Dowan is severely wounded.
Dowan hits you but does no damage. Dowan closely misses you.
You hit Dowan.
Dowan is severely wounded.
You block Dowan's attack. Dowan closely misses you.
You closely miss Dowan.
Dowan is severely wounded.
Dowan closely misses you. x2
You hit Dowan.
Dowan is almost dead.
Dowan closely misses you.
Dowan points at you and mumbles some strange words.
The shard of ice hits you!
* * * LOW HITPOINT WARNING * * *
You hit Dowan.
Dowan is almost dead.
Dowan mumbles some strange words.
Dowan blinks!
Dowan casts a spell.
Dowan blinks!
Dowan gestures at you while chanting. The stone arrow misses you.
Dowan casts a spell.
Dowan blinks!
Dowan hits you with a +2 dagger of speed.
* * * LOW HITPOINT WARNING * * *
Dowan hits you but does no damage.
You closely miss Dowan.
Dowan is almost dead.
Dowan barely misses you. Dowan hits you but does no damage.
You closely miss Dowan.
Dowan is almost dead.
Dowan hits you with a +2 dagger of speed.
* * * LOW HITPOINT WARNING * * *
Dowan casts a spell at you. The shard of ice hits you!
You die...

.#####.######.######### #....
................>)..(.#######....
######.######.#######............
# ##.# #.##.......######)#.# #
#..# #.##)####.## #....
#####.#######.##.# #.# ###.#
..........(...##.# #.# #.#
#####.##########.# #.# ####.# #.#
#@# #.# #....# #.# #e####.#
#.#### #.# #......# #.# #.#
#.###### #.# #####.# #.# #.#
......# #.# #.# ####### #.# #.# #
#.# #.# # #.# #.# #


You could see Dowan (fast).

Vanquished Creatures
  Grinder (D:4)
  Duvessa (D:3)
  A necrophage (D:3)
  3 ogres
  A phantom (D:5)
  A hound (D:4)
  An orc priest (D:4)
  Crazy Yiuf (D:3)
  Terence (D:3)
  2 iguanas
  An orc wizard (D:4)
  7 adders
  3 worms (D:2)
  10 orcs
  4 ball pythons
  8 endoplasms
  2 giant cockroaches
  9 goblins
  6 hobgoblins
  3 quokkas
  6 bats
  4 frilled lizards
  14 kobolds
  5 rats
95 creatures vanquished.

Vanquished Creatures (others)
  4 fungi (D:3)
4 creatures vanquished.

Grand Total: 99 creatures vanquished

Notes
Turn   | Place    | Note
-------+----------+-------------------------------------------
     0 | Abyss:1  | senseless the Demonspawn Abyssal Knight began the quest for
                  | the Orb.
     0 | Abyss:1  | Reached XP level 1. HP: 18/18 MP: 2/2
    17 | Abyss:2  | Noticed a reaper
    18 | D:1      | Escaped the Abyss
   400 | D:1      | Found a faded altar of an unknown god.
   424 | D:1      | Gained mutation: You are partially covered in rugged brown
                  | scales. (AC +1, +3% HP) [demonic ancestry]
   424 | D:1      | Reached XP level 2. HP: 18/24 MP: 3/3
   522 | D:1      | Reached * piety under Lugonu
  1181 | D:1      | Reached XP level 3. HP: 25/29 MP: 4/4
  1237 | D:2      | Reached skill level 6 in Fighting
  1237 | D:2      | Reached skill level 5 in Invocations
  1237 | D:2      | Gained mutation: You have a pair of small antennae on your
                  | head. [demonic ancestry]
  1237 | D:2      | Reached XP level 4. HP: 16/42 MP: 4/8
  2860 | D:2      | Reached skill level 8 in Fighting
  2860 | D:2      | Reached skill level 5 in Maces & Flails
  2860 | D:2      | Reached XP level 5. HP: 50/50 MP: 8/11
  2913 | D:3      | Noticed Terence
  2932 | D:3      | Killed Terence
  2933 | D:3      | Gained mutation: You are mostly covered in rugged brown
                  | scales. (AC +2, +5% HP) [demonic ancestry]
  2933 | D:3      | Reached XP level 6. HP: 20/58 MP: 12/12
  3259 | D:3      | Found a blossoming altar of Fedhas.
  3321 | D:3      | Reached ** piety under Lugonu
  3992 | D:3      | Found a runed translucent door.
  3993 | D:3      | Noticed Crazy Yiuf
  4352 | D:3      | Killed Crazy Yiuf
  4627 | D:4      | Reached skill level 5 in Armour
  4627 | D:4      | Reached skill level 5 in Dodging
  4627 | D:4      | Reached skill level 5 in Spellcasting
  4627 | D:4      | Gained mutation: You sometimes gain a little power by
                  | taking damage. [demonic ancestry]
  4627 | D:4      | Reached XP level 7. HP: 66/66 MP: 12/14
  4628 | D:4      | Reached skill level 9 in Fighting
  4628 | D:4      | Gained mutation: You are completely covered in rugged brown
                  | scales. (AC +3, +7% HP) [demonic ancestry]
  4628 | D:4      | Reached XP level 8. HP: 67/75 MP: 12/16
  5326 | D:4      | Found a staircase to the Ecumenical Temple.
  5390 | D:4      | Found Cuofyd Usyng's Antique Weapon Shop.
  5423 | D:4      | Identified Icrax's Almanac of Earthen Stolen Souls
  5735 | D:4      | Noticed Grinder
  5742 | D:4      | Paralysed by Grinder for 2 turns
  5768 | D:4      | Paralysed by Grinder for 5 turns
  5773 | D:4      | Killed Grinder
  5774 | D:4      | Gained mutation: You have a pair of antennae on your head.
                  | [demonic ancestry]
  5774 | D:4      | Reached XP level 9. HP: 37/81 MP: 17/17
  6229 | D:5      | Entered Level 5 of the Dungeon
  6229 | D:5      | Noticed Duvessa
  6229 | D:5      | Noticed Dowan
  6586 | D:3      | Killed Duvessa
  6610 | D:3      | HP: 4/81 [Dowan/shard of ice (9)]
  6619 | D:3      | HP: 4/81 [Dowan/+2 dagger of speed (1)]
  6619 | D:3      | Killed from afar by Dowan

Illustrated notes

Levels and vault maps discovered:
D:1:      psy_arrival_radial01, layout_loops_ring, basic_ecumenical_altar
D:2:      layout_loops_cross, minivault_27, grunt_decor_resistance
D:3:      layout_loops_ring, fedhas_altar_2, uniq_crazy_yiuf_cottage,
          uniq_terence
D:4:      layout_cave_pools, minmay_temple_entry_fiery, serial_shops,
          shop_coins, uniq_grinder
D:5:      layout_basic, vehumet_statue, serial_shops, shop,
          amcnicky_mini_pool_small, uniq_duvessa

Skill      XL: |  1  2  3  4  5  6  7 |
---------------+----------------------+-----
Maces & Flails | 2 4 5 6 |  6.8
Armour         | 2 3 4 5 6 |  6.1
Fighting       | 6 8 9 |  9.0
Dodging        | 3 4 5 6 |  6.2
Shields        | 3 4 |  4.2
Spellcasting   | 3 4 5 |  5.8
Invocations    | 5 6 7 8 |  8.5
Stealth        | 2 |  2.9
Evocations     | 2 |  2.6
Unarmed Combat | 2 |  2.2

Action                   |  1- 3 |  4- 6 |  7- 9 || total
-------------------------+-------+-------+-------++-------
Melee: Mace              |    45 |   193 |   179 ||   417
Invok: Depart the Abyss  |     1 |       |       ||     1
  Use: Potion            |     2 |     4 |     6 ||    12
       Scroll            |       |     5 |     3 ||     8
 Stab: Sleeping          |     1 |     1 |       ||     2
       Distracted        |       |     1 |       ||     1
Armor: Leather armour    |    20 |    39 |       ||    59
       Scale mail        |       |    20 |    82 ||   102
Dodge: Dodged            |    39 |   114 |    94 ||   247
Block: Buckler           |       |     7 |    40 ||    47

Table legend: (Time is in decaauts)
 A = Elapsed time spent in this place.
 B = Non-inter-level travel time spent in this place.
 C = Inter-level travel time spent in this place.
 D = Time resting spent in this place.
 E = Time spent auto-exploring this place.
 F = Levels seen in this place.
 G = Mean time per level.
                   A        B        C        D        E       F      G
               +--------+--------+--------+--------+--------+-----+--------+
         Total |   6692 |   6300 |    392 |   1916 |   3422 |   7 |  956.0 |
       Dungeon |   6674 |   6282 |    392 |   1916 |   3410 |   5 | 1334.8 |
         Abyss |     17 |     17 |      0 |      0 |     12 |   2 |    8.5 |
               +--------+--------+--------+--------+--------+-----+--------+

Top non-repeatable levels by time:
     D:3: 2397 daAuts
     D:1: 1511 daAuts
     D:2: 1409 daAuts
     D:4: 1267 daAuts
     D:5: 88 daAuts
 Abyss:2: 9 daAuts
 Abyss:1: 8 daAuts
